 Dungeon Crawl Stone Soup version 0.19-a0-1682-g5114f93 (webtiles) character file.

84 Saways the Charlatan (level 4, -7/38 HPs)
             Began as a Deep Dwarf Artificer on Sept 24, 2016.
             Mangled by Sigmund
             ... wielding a +1 scythe of protection
              (11 damage)
             ... on level 2 of the Dungeon.
             The game lasted 00:01:55 (1528 turns).

Saways the Charlatan (Deep Dwarf Artificer)         Turns: 1528, Time: 00:01:56

Health: -7/38      AC:  4    Str: 17    XL:     4   Next: 24%
Magic:  7/7        EV: 11    Int: 11    God:
Gold:   34         SH:  0    Dex: 13    Spells: 0 memorised, 3 levels left

rFire  . . .     SeeInvis .     p - +1 flail (crush)
rCold  . . .     Gourm    .     b - +0 leather armour
rNeg   . . .     Faith    .     (no shield)
rPois  .         Spirit   .     (no helmet)
rElec  .         Dismiss  .     (no cloak)
rCorr  .         Reflect  .     (no gloves)
MR     .....     Harm     .     (no boots)
Stlth  +.........               (no amulet)
                                (no ring)
                                (no ring)

@: non-regenerating, heavily drained
A: damage resistance, recharge devices, sense surroundings 1, slow regeneration
3
a: Device Recharging


You were on level 2 of the Dungeon.
You were very hungry.

You visited 1 branch of the dungeon, and saw 2 of its levels.

You collected 34 gold pieces.

Inventory:

Hand Weapons
 p - a +1 flail of crushing (weapon)
Armour
 b - a +0 leather armour (worn)
Jewellery
 n - an uncursed amulet of harm
Wands
 c - a wand of flame (15/48)
 d - a wand of enslavement (14/24)
 e - a wand of random effects (14/48)
 f - a wand of heal wounds (4/9)
Scrolls
 a - a scroll of noise {unknown}
 j - 2 scrolls of teleportation {unknown}
 m - a scroll of blinking {unknown}
Potions
 i - a potion of magic {unknown}
 l - a potion of lignification {unknown}
 o - a potion of curing {unknown}
Comestibles
 g - a bread ration
 h - a royal jelly


   Skills:
 + Level 1.6(0.0) Fighting
   Level 0.8(0.0) Short Blades
 + Level 1.0(0.0) Maces & Flails
 + Level 1.6(0.1) Armour
 + Level 2.7(1.1) Dodging
 - Level 1.2(0.0) Stealth
 * Level 5.2(3.5) Evocations


You had 3 spell levels left.
You didn't know any spells.

Dungeon Overview and Level Annotations

Branches:
Dungeon (2/15)

Altars:
Fedhas

Annotations:
D:2 exclusion: oklob plant, Sigmund


Innate Abilities, Weirdness & Mutations

You are resistant to damage.
You can recharge devices by infusing magical energy.
You passively map a small area around you.
You do not regenerate.


Message History

Sigmund hits you but does no damage.
Sigmund hits you with a scythe of protection.
You see here a club.
You sock Sigmund!
Sigmund is heavily wounded.
Sigmund barely misses you.
You hit Sigmund.
Sigmund is heavily wounded.
Sigmund gestures wildly while chanting.
Sigmund flickers and vanishes!
Deactivating autopickup; reactivate with Ctrl-A.
No target in view!
No target in view!
No target in view!
You completely miss something. Something hits you!
* * * LOW HITPOINT WARNING * * *
You closely miss something. Something hits you.
* * * LOW HITPOINT WARNING * * *
You miss something. Something hits you!
You die...

##.......#.....#.# #
.................##.####
.......................( ,
......#........#.##.####
#..#..#........#........
......#....#####........ +
...####....# #.##.##.##########
.).####....#####.##.##.##P..♣P♣PP
...... ........?@......#PP#PP#PP♣
.>.... (.......{.....#


#P♣PPP#P ...... , ......#.#..##.# ♣PP♣♣P.P .##### .####.#.#.... * ,#♣P.♣.. .....
,, .?..#..##.## #P#P..≈ ##### ##,... .# ##P♣.P..≈≈ ... , ,### ## ,#PP##..≈≈≈ #..
, , #PPPP.≈≈≈≈ ... , * , #P#PP.≈≈≈≈ There were no monsters in sight!

Vanquished Creatures
  Terence (D:2)
  2 adders (D:2)
  2 dart slugs (D:1)
  2 leopard geckos
  A giant cockroach (D:2)
  5 goblins
  3 hobgoblins
  2 jackals (D:1)
  6 kobolds
  3 bats (D:1)
  6 frilled lizards (D:1)
  2 rats (D:1)
35 creatures vanquished.

Notes
Turn   | Place    | Note
-------+----------+-------------------------------------------
     0 | D:1      | Saways the Deep Dwarf Artificer began the quest for the Orb.
     0 | D:1      | Reached XP level 1. HP: 16/16 MP: 3/3
   180 | D:1      | Reached skill level 1 in Fighting
   192 | D:1      | Reached XP level 2. HP: 14/25 MP: 5/5
   643 | D:1      | Reached skill level 5 in Evocations
   713 | D:1      | Reached XP level 3. HP: 6/31 MP: 6/6
  1062 | D:1      | Reached skill level 1 in Armour
  1189 | D:2      | Found a blossoming altar of Fedhas.
  1210 | D:2      | Noticed an oklob plant
  1284 | D:2      | Noticed Terence
  1345 | D:2      | Killed Terence
  1345 | D:2      | Reached XP level 4. HP: 28/38 MP: 7/7
  1468 | D:2      | Reached skill level 1 in Maces & Flails
  1519 | D:2      | Noticed Sigmund
  1528 | D:2      | Mangled by Sigmund

Vault maps used:
D:1:      sevenhm_arrival_forest_fort_large_4
D:2:      lemuel_coloured_pillars_altar, tgw_fedhas, uniq_natasha, uniq_terence,
          uniq_sigmund

Skill      XL: |  1  2  3  4 |
---------------+-------------+-----
Fighting       | 1 |  1.6
Evocations     | 5 |  5.2
Armour         | 1 |  1.6
Maces & Flails | 1 |  1.0
Short Blades   | |  0.8
Dodging        | |  2.7
Stealth        | |  1.2

Action                   |  1- 3 |  4- 6 || total
-------------------------+-------+-------++-------
Melee: Short sword       |    77 |       ||    77
       Mace              |    37 |       ||    37
       Flail             |       |    20 ||    20
Evoke: Wand              |     2 |     1 ||     3
 Stab: Sleeping          |     1 |       ||     1
  Eat: Chunk             |     1 |       ||     1
Armor: Leather armour    |    39 |     6 ||    45
Dodge: Dodged            |   105 |     7 ||   112
